AoeStats
← [CL] Al3jandr0.magn00

Arabia

508095278Analyzed
1v1 RM · 10d ago on Sep 20, 2026· 47m 26s· 2 players
Game mode
Random Map
Map size
Tiny (2 player)
Population
200
Speed
Normal
Resources
Standard
Victory
Conquest
Starting age
Dark Age
Ending age
Imperial Age
RankedLock teamsTeams togetherTeam positionsShared explorationLock speedFull tech treeHidden civsTurbo modeCheats
Victory
Defeat
🇫🇷 Franks · France
1960
+14
🇦🇷 Sicilians · Argentina
1919
-14
[CL] Al3jandr0.magn00
6:04 Loom
8:36 Feudal Age
9:22 Double-Bit Axe
17:11 Forging
17:38 Bloodlines
20:40 Horse Collar
23:43 Castle Age
22:14 Gold Mining
23:52 Scale Barding Armor
35:18 Iron Casting
35:09 Chain Barding Armor
36:34 Husbandry
37:58 Wheelbarrow
40:00 Hand Cart
39:30 Town Watch
Vaginisme
8:55 Feudal Age
7:52 Loom
18:42 Wheelbarrow
22:41 Castle Age
21:41 Gold Mining
22:31 Fletching
23:29 Bodkin Arrow
23:53 Crossbowman
24:52 Double-Bit Axe
29:57 Bow Saw
32:40 Hand Cart
34:57 Scale Barding Armor
38:43 Imperial Age
36:45 Husbandry
37:48 Chain Barding Armor
38:16 Forging
41:03 Chemistry
40:25 Ballistics
40:20 Cavalier
45:25 Plate Barding Armor
48:11 Iron Casting
Connection lost

Rejoining the realm…

Still unreachable

The connection could not be restored.

Session expired

The server has moved on; the page needs a fresh start.